AoeStats
← CoroOutbreak

Arena

509100192Analyzed
1v1 RM · 5d ago on Sep 25, 2026· 56m 54s· 2 players
Game mode
Random Map
Map size
Tiny (2 player)
Population
200
Speed
Normal
Resources
Standard
Victory
Conquest
Starting age
Dark Age
Ending age
Imperial Age
RankedLock teamsTeams togetherTeam positionsShared explorationLock speedFull tech treeHidden civsTurbo modeCheats
Victory
Defeat
🇦🇹 Mongols · Austria
407
+21
🇩🇪 Portuguese · Germany
525
-21
dataat
4:38 Loom
12:34 Feudal Age
13:30 Feudal Age
14:45 Double-Bit Axe
14:53 Gold Mining
14:54 Stone Mining
14:46 Horse Collar
16:19 Wheelbarrow
16:40 Town Watch
22:56 Castle Age
21:38 Forging
21:21 Fletching
23:25 Scale Barding Armor
27:27 Hand Cart
28:00 Heavy Plow
29:05 Bodkin Arrow
30:08 Bow Saw
30:36 Gold Shaft Mining
30:39 Stone Shaft Mining
30:58 Iron Casting
35:42 Imperial Age
33:10 Murder Holes
33:36 Ballistics
34:35 Town Patrol
36:22 Bloodlines
36:51 Conscription
36:55 Masonry
37:44 Bracer
38:10 Cavalier
40:08 Parthian Tactics
41:04 Thumb Ring
43:26 Chain Barding Armor
44:07 Blast Furnace
43:11 Husbandry
46:32 Chemistry
47:27 Heavy Cavalry Archer
CoroOutbreak
10:42 Feudal Age
12:08 Wheelbarrow
11:26 Double-Bit Axe
11:24 Horse Collar
20:00 Castle Age
18:19 Gold Mining
18:31 Stone Mining
20:57 Bow Saw
21:26 Stone Shaft Mining
21:06 Heavy Plow
21:24 Hand Cart
26:03 Fervor
28:26 Imperial Age
30:23 Two-Man Saw
31:14 Crop Rotation
39:06 Town Watch
39:06 Loom
40:14 Coinage
39:54 Guilds
39:45 Caravan
39:49 Town Patrol
41:10 Scale Barding Armor
41:05 Scale Mail Armor
41:16 Forging
41:06 Padded Archer Armor
40:57 Fletching
40:31 Man-at-Arms
40:57 Gambesons
40:57 Arson
40:33 Pikeman
40:41 Cavalier
41:22 Husbandry
41:32 Bloodlines
40:43 Light Cavalry
41:47 Long Swordsman
41:48 Halberdier
42:53 Chain Barding Armor
42:49 Chain Mail Armor
43:07 Banking
42:32 Heated Shot
42:22 Treadmill Crane
42:53 Masonry
42:53 Fortified Wall
43:44 Chemistry
42:50 Siege Engineers
42:41 Murder Holes
42:37 Guard Tower
43:08 Ballistics
42:54 Siphons
42:21 Crossbowman
43:07 Thumb Ring
42:22 Elite Skirmisher
44:30 Iron Casting
43:51 Bodkin Arrow
44:12 Leather Archer Armor
43:25 Arbalester
46:05 Plate Barding Armor
46:01 Plate Mail Armor
47:27 Blast Furnace
46:55 Bracer
47:48 Bloodlines
46:59 Light Cavalry
49:56 Arbalester
50:04 Arbalester
50:08 Light Cavalry
50:17 Capped Ram
51:52 Conscription
51:35 Circumnavigation
51:39 Arquebus
51:14 Sappers
52:18 Clinker Construction
52:19 Careening
52:44 Keep
52:57 Architecture
52:02 Light Cavalry
52:47 Onager
53:58 Dry Dock
54:46 Carvel Hull
55:14 Ring Archer Armor
54:29 Onager
56:13 Bombard Tower
Connection lost

Rejoining the realm…

Still unreachable

The connection could not be restored.

Session expired

The server has moved on; the page needs a fresh start.